 Dungeon Crawl Stone Soup version 0.17.0-24-gcfadda4 (webtiles) character file.

4904 UristPineapples the Basher (level 10, 0/68 HPs)
             Began as a Gargoyle Fighter on Nov 16, 2015.
             Was a Follower of Ru.
             Slain by a komodo dragon (27 damage)
             ... on level 10 of the Dungeon.
             The game lasted 00:27:43 (10440 turns).

UristPineapples the Basher (Gargoyle Fighter)      Turns: 10440, Time: 00:27:44

Health: 0/68       AC: 14    Str: 20    XL:     10   Next: 51%
Magic:  10/10      EV:  7    Int: 10    God:    Ru [*.....]
Gold:   348        SH:  9    Dex: 11    Spells: 0 memorised, 9 levels left

rFire  . . .     SeeInvis .     s - +0 morningstar
rCold  . . .     Clarity  .     b - +0 scale mail
rNeg   + . .     SustAt   .     c - +0 shield
rPois  ∞         Gourm    .     (no helmet)
rElec  +         Spirit   .     (no cloak)
rCorr  .         Warding  .     (no gloves)
rMut   .         Stasis   .     (no boots)
MR     .....                    (no amulet)
Stlth  ..........               (no ring)
                                (no ring)

@: not resistant to hostile enchantments, extremely unstealthy
A: negative energy resistance 1, electricity resistance, unbreathing,
petrification resistance, rot immunity, no charms magic, no earth magic, no
necromancy magic, AC +7
a: Renounce Religion


You were on level 10 of the Dungeon.
You worshipped Ru.
Ru was aware of your devotion.
You were not hungry.

You visited 2 branches of the dungeon, and saw 11 of its levels.
You also visited: Sewer.

You collected 348 gold pieces.

Inventory:

Hand Weapons
 a - a +0 flail
 s - a +0 morningstar (weapon)
 A - a +0 blowgun
Missiles
 p - 74 poisoned needles
Armour
 b - a +0 scale mail (worn)
 c - a +0 shield (worn)
Jewellery
 r - an uncursed amulet of resist corrosion {unknown}
 w - an uncursed ring of fire {unknown}
 G - an uncursed ring of stealth {unknown}
 M - a +3 ring of protection {unknown}
 P - the ring "Arai" {rPois Str-4 Dex+3 SInv Stlth+, unknown}
   (You found it on level 10 of the Dungeon)

   [ring of see invisible]

   It affects your strength (-4).
   It affects your dexterity (+3).
   It protects you from poison.
   It lets you see invisible.
   It makes you more stealthy.
Wands
 t - a wand of paralysis (0)
 C - a wand of flame (0)
 F - a wand of fireball (0)
 K - a wand of lightning (3)
 N - a wand of random effects (18)
Scrolls
 f - 4 scrolls of remove curse {unknown}
 i - 4 scrolls of magic mapping {unknown}
 j - 2 scrolls of immolation {unknown}
 k - 2 scrolls of teleportation {unknown}
 l - 9 scrolls of identify {unknown}
 m - 2 scrolls of enchant armour {unknown}
 q - 3 scrolls of enchant weapon {unknown}
 u - 3 scrolls of blinking {unknown}
 x - 2 scrolls of vulnerability {unknown}
 y - a scroll of random uselessness {unknown}
 B - a scroll of brand weapon {unknown}
 H - 2 scrolls of recharging {unknown}
 J - a scroll of noise {unknown}
 O - a scroll of acquirement {unknown}
Potions
 d - a potion of might
 g - a potion of curing {unknown}
 h - a potion of haste {unknown}
 o - 4 potions of heal wounds {unknown}
 z - 2 potions of resistance {unknown}
 D - a potion of flight {unknown}
 L - a potion of poison {unknown}
Comestibles
 e - 10 bread rations
 n - 10 fruits
 E - a beef jerky
 I - 8 slices of pizza


   Skills:
 + Level 9.9 Fighting
 * Level 12.3 Maces & Flails
 + Level 3.7 Armour
 - Level 3.2 Shields


You had 9 spell levels left.
You didn't know any spells.

Dungeon Overview and Level Annotations

Branches:
Dungeon (10/15)            Temple (1/1) D:7             Orc (0/4) D:9
   Lair: D:8-11

Altars:
Ashenzari
Cheibriados
Dithmenos
Elyvilon
Gozag
Kikubaaqudgha
Nemelex Xobeh
Okawaru
Qazlal
Ru
Sif Muna
Trog
Vehumet
Xom
Yredelemnul
The Shining One
Beogh

Annotations:
D:9 Erolcha


Innate Abilities, Weirdness & Mutations

You are resistant to torment.
Your stone body is resilient (AC +7).
You are immune to poison.
You resist negative energy.
You are resistant to electric shocks.
You can survive without breathing.
You are immune to petrification.
You are immune to rotting.
You cannot study or cast Charms magic.
You cannot study or cast Earth magic.
You cannot study or cast Necromancy magic.


Message History

The komodo dragon barely misses you.
You hit the worm.
The worm is moderately wounded.
You block the komodo dragon's attack. The worm bites you but does no damage.
Unknown command.
You thump the worm!
The worm is almost dead.
You block the komodo dragon's attack. You block the worm's attack.
Unknown command.
You sock the worm!
You kill the worm!
You block the komodo dragon's attack.
You see here a worm corpse.
You see here 16 stones.
You hit the komodo dragon but do no damage.
The komodo dragon is heavily wounded.
The komodo dragon bites you but does no damage.
The komodo dragon hisses menacingly.
The komodo dragon bites you!!
You die...

#.....#..............#
#.....'..............#
######.....#'##############
......>....................
...........................
##.....(...........<##...
#....######........##...
###....######........##...
.........l@..†............(
###########################


You could see a komodo dragon.

Vanquished Creatures
  Joseph (D:10)
  Prince Ribbit (D:7)
  A hippogriff (D:9)
  A hog (D:7)
  A human (D:7)
  A swamp worm (D:10)
  A water moccasin (D:8)
  3 ice beasts
  3 orc warriors
  4 ogres
  A wasp (D:9)
  2 phantoms
  3 centaurs
  A big kobold (D:6)
  4 giant frogs
  A wyvern zombie (D:9)
  3 wights (D:7)
  10 orc priests
  A giant frog zombie (D:8)
  10 crimson imps
  4 hounds
  5 orc wizards
  A centaur skeleton (D:4)
  Ijyb (D:4)
  A quasit (D:8)
  4 iguanas
  5 worker ants
  3 sheep (D:7)
  3 hound zombies
  A hound skeleton (D:9)
  4 worker ant zombies
  4 gnolls
  A river rat (D:4)
  13 adders
  5 shadow imps
  An adder zombie (D:5)
  An adder skeleton (D:4)
  4 worms
  15 giant geckos
  24 orcs
  17 bats
  13 giant cockroaches
  16 goblins
  9 hobgoblins
  14 jackals
  4 quokkas
  5 ball pythons
  2 giant gecko zombies (D:6)
  8 giant newts
  A jackal zombie (D:7)
  11 kobolds
  2 quokka skeletons
  6 rats
261 creatures vanquished.

Vanquished Creatures (others)
  5 fungi (D:10)
  5 plants (D:10)
10 creatures vanquished.

Grand Total: 271 creatures vanquished

Notes
Turn   | Place    | Note
--------------------------------------------------------------
     0 | D:1      | UristPineapples the Gargoyle Fighter began the quest for the Orb.
     0 | D:1      | Reached XP level 1. HP: 14/14 MP: 1/1
   203 | D:1      | Reached XP level 2. HP: 19/19 MP: 2/2
   461 | D:1      | Reached XP level 3. HP: 22/24 MP: 3/3
   737 | D:1      | Reached skill level 4 in Fighting
   893 | D:2      | Reached XP level 4. HP: 26/29 MP: 4/4
  1033 | D:2      | Found a glowing golden altar of the Shining One.
  1035 | D:2      | Found a snail-covered altar of Cheibriados.
  1193 | D:2      | You fall through a shaft!
  1282 | D:3      | Found a stormy altar of Qazlal.
  1296 | D:3      | Reached XP level 5. HP: 31/34 MP: 5/5
  2599 | D:4      | Reached skill level 5 in Fighting
  2599 | D:4      | Reached skill level 5 in Maces & Flails
  2599 | D:4      | Reached XP level 6. HP: 36/40 MP: 6/6
  2612 | D:4      | Noticed Ijyb
  2645 | D:4      | Killed Ijyb
  2779 | D:4      | Found a glowing drain.
  2784 | Sewer    | Entered a sewer
  3183 | D:4      | Reached skill level 6 in Maces & Flails
  3262 | D:4      | Reached XP level 7. HP: 42/44 MP: 7/7
  3360 | D:5      | Entered Level 5 of the Dungeon
  4081 | D:5      | Reached skill level 7 in Maces & Flails
  4582 | D:6      | Reached XP level 8. HP: 50/52 MP: 8/8
  4886 | D:6      | Reached skill level 8 in Maces & Flails
  5181 | D:6      | Reached skill level 9 in Maces & Flails
  5572 | D:6      | Found a shattered altar of Ashenzari.
  5626 | D:6      | Reached XP level 9. HP: 54/58 MP: 9/9
  6039 | D:7      | Found a sparkling altar of Nemelex Xobeh.
  6443 | D:7      | Found a staircase to the Ecumenical Temple.
  6521 | Temple   | Entered the Ecumenical Temple
  6544 | Temple   | Became a worshipper of Ru the Awakened
  6616 | D:7      | Noticed Prince Ribbit
  6633 | D:7      | Killed Prince Ribbit
  6738 | D:7      | Reached skill level 10 in Maces & Flails
  7424 | D:8      | Reached skill level 11 in Maces & Flails
  7893 | D:8      | Reached XP level 10. HP: 66/66 MP: 10/10
  7982 | D:8      | Found an opulent altar of Gozag.
  8200 | D:8      | Gained mutation: You cannot study or cast Earth magic. [Ru sacrifice]
  8200 | D:8      | Gained mutation: You cannot study or cast Necromancy magic. [Ru sacrifice]
  8200 | D:8      | Gained mutation: You cannot study or cast Charms magic. [Ru sacrifice]
  8200 | D:8      | Reached * piety under Ru
  9002 | D:9      | Found a bloodstained altar of Trog.
  9069 | D:9      | HP: 2/66 [troll (6)]
  9550 | D:9      | Reached skill level 12 in Maces & Flails
  9646 | D:9      | Found a staircase to the Orcish Mines.
  9701 | D:9      | Found a roughly hewn altar of Beogh.
  9894 | D:9      | Noticed Erolcha
  9933 | D:10     | Entered Level 10 of the Dungeon
  9964 | D:10     | Noticed Joseph
  9966 | D:10     | Got a pitted golden ring
  9991 | D:10     | Killed Joseph
 10440 | D:10     | Slain by a komodo dragon

Action                   |  1- 3 |  4- 6 |  7- 9 | 10-12 || total
-------------------------+-------+-------+-------+-------++-------
Melee: Flail             |   158 |   335 |   235 |       ||   728
       Morningstar       |       |       |   243 |   200 ||   443
 Fire: Blowgun           |       |       |    27 |     4 ||    31
Throw: Throwing net      |       |       |       |     1 ||     1
Invok: Sacrifice Arcana  |       |       |       |     1 ||     1
Evoke: Wand              |       |       |     9 |     5 ||    14
 Stab: Paralysed         |       |       |     5 |       ||     5
  Eat: Chunk             |       |     7 |     9 |     5 ||    21
       Beef jerky        |       |     1 |     1 |     1 ||     3
       Meat ration       |       |       |     1 |     1 ||     2
